 Dungeon Crawl Stone Soup version 0.30.2 (webtiles) character file.

Game seed: 12272416183137692838

199 porpoise the Shooter (level 6, -8/47 HPs)
             Began as a Human Hunter on Mar 7, 2024.
             Killed by divine providence
             ... invoked by an orc priest
              (12 damage)
             ... on level 4 of the Dungeon.
             The game lasted 00:07:14 (2783 turns).

porpoise the Shooter (Human Hunter)                 Turns: 2783, Time: 00:07:14

Health: -8/47      AC:  8    Str: 12    XL:     6   Next: 6%
Magic:  6/6        EV: 12    Int:  9    God:
Gold:   123        SH:  0    Dex: 18    Spells: 5/5 levels left

rFire   . . .        a - +0 shortbow
rCold   . . .        (shield currently unavailable)
rNeg    . . .        c - +0 leather armour
rPois   .            w - +0 helmet
rElec   .            x - +0 cloak
rCorr   .            z - +1 pair of gloves
SInv    .            C - +0 pair of boots
Will    .....        (no amulet)
Stlth   ++           (no ring)
HPRegen 0.27/turn    (no ring)
MPRegen 0.10/turn

%: no passive effects
@: no status effects
A: no striking features
a: no special abilities


You were on level 4 of the Dungeon.
You visited 1 branch of the dungeon, and saw 4 of its levels.

You collected 247 gold pieces.
You spent 124 gold pieces at shops.

Inventory:

Hand Weapons
 a - a +0 shortbow (weapon)
 b - a +2 whip of electrocution
Missiles
 q - 8 poisoned darts
Armour
 c - a +0 leather armour (worn)
 w - a +0 helmet (worn)
 x - a +0 cloak (worn)
 z - a +1 pair of gloves (worn)
 C - a +0 pair of boots (worn)
Wands
 A - a wand of quicksilver (2)
 D - a wand of iceblast (5)
Scrolls
 d - a scroll of immolation
 i - a scroll of brand weapon {unknown}
 j - a scroll of vulnerability
 k - a scroll of noise
 l - 2 scrolls of fog {unknown}
 n - a scroll of blinking
 o - a scroll of poison {unknown}
 s - a scroll of magic mapping {unknown}
 y - a scroll of amnesia {unknown}
 E - a scroll of silence {unknown}
Potions
 e - 2 potions of curing
 f - 2 potions of magic {unknown}
 g - 4 potions of heal wounds
 h - 2 potions of lignification
 m - a potion of ambrosia {unknown}
 p - 2 potions of cancellation {unknown}
 r - 2 potions of flight {unknown}
 t - a potion of berserk rage {unknown}
 u - a potion of invisibility {unknown}
 v - a potion of brilliance {unknown}
 B - a potion of resistance {unknown}


   Skills:
 + Level 3.2 Fighting
 * Level 5.5 Ranged Weapons
 - Level 2.0 Dodging
 + Level 3.1 Stealth


You had 5 spell levels left.
You didn't know any spells.
Your spell library contained the following spells:

 Spells                   Type           Power      Damage    Failure   Level
 Beastly Appendage        Tmut           0%         N/A       45%         1
 Wereblood                Tmut           0%         N/A       61%         2
 Spider Form              Tmut/Pois      0%         N/A       83%         3


Dungeon Overview and Level Annotations

Branches:
Dungeon (4/15)
 Temple: D:4-7

Altars:
Kikubaaqudgha

Shops:
D:3 !?(


Message History

You shoot an arrow. The arrow hits the orc.
You kill the orc!
The orc priest calls down the wrath of Beogh upon you.
You barely resist. You shoot an arrow. The arrow hits the orc.
You kill the orc!
You shoot an arrow.
The arrow closely misses the orc priest.
The orc priest barely misses you.
You shoot an arrow.
The arrow hits the orc priest but does no damage.
The orc priest hits you but does no damage.
The orc priest hits you with a +0 flail!
You are too injured to fight recklessly!
You are too injured to fight recklessly!
You are too injured to fight recklessly!
You shoot an arrow. The arrow barely misses the orc priest.
The orc priest calls down the wrath of Beogh upon you.
Pain shoots through your body!
* * * LOW HITPOINT WARNING * * *
You shoot an arrow. The arrow barely misses the orc priest.
The orc priest hits you with a +0 flail.
* * * LOW HITPOINT WARNING * * *
You shoot an arrow. The arrow hits the orc priest!
The orc priest is heavily wounded.
The orc priest hits you with a +0 flail.
* * * LOW HITPOINT WARNING * * *
You shoot an arrow. The arrow hits the orc priest.
The orc priest is severely wounded.
The orc priest hits you but does no damage.
The orc priest hits you with a +0 flail.
* * * LOW HITPOINT WARNING * * *
You shoot an arrow.
The arrow closely misses the orc priest.
The orc priest barely misses you.
You shoot an arrow. The arrow hits the orc priest.
The orc priest is almost dead.
The orc priest mumbles some strange prayers to Beogh against you.
Beogh smites you!
You die...

!. !..
.... ..##
...#
#..##
#.)#
##### #o#
#...# #@#
#<..# #.#
#...#
#.###...#
###
#..##...#
..#
##......#
..#
###....#
..#
#....#
..#
#....#
#...# ..#
####.##
#...#


You could see an orc priest.

Vanquished Creatures
  A jelly (D:4)
  Ijyb (D:3)
  An iguana (D:3)
  Robin (D:2)
  An adder (D:2)
  An ufetubus (D:2)
  2 dart slugs
  3 orcs (D:4)
  9 ball pythons
  8 endoplasms
  3 giant cockroaches
  11 goblins
  9 hobgoblins
  6 jackals
  A quokka (D:1)
  4 bats
  6 frilled lizards
  7 kobolds
  4 rats
79 creatures vanquished.

Notes
Turn   | Place    | Note
-------+----------+-------------------------------------------
     0 | D:1      | porpoise the Human Hunter began the quest for the Orb.
     0 | D:1      | Reached XP level 1. HP: 16/16 MP: 1/1
    98 | D:1      | Reached XP level 2. HP: 22/22 MP: 2/2
   469 | D:1      | Reached XP level 3. HP: 28/28 MP: 3/3
   847 | D:2      | Reached XP level 4. HP: 34/34 MP: 4/4
  1108 | D:2      | Noticed Robin
  1130 | D:2      | Killed Robin
  1132 | D:2      | Reached skill level 5 in Ranged Weapons
  1499 | D:3      | Reached XP level 5. HP: 33/40 MP: 5/5
  1656 | D:3      | You fall into a shaft and drop 1 floor!
  1661 | D:4      | Noticed an ogre
  1745 | D:3      | Found Kebb's Magic Scroll Emporium.
  1751 | D:3      | Found Bovovowoe's Distillery.
  1760 | D:3      | Bought a potion of curing for 36 gold pieces
  1760 | D:3      | Bought a potion of heal wounds for 60 gold pieces
  1767 | D:3      | Bought a scroll of identify for 28 gold pieces
  1904 | D:3      | Found an ancient bone altar of Kikubaaqudgha.
  1907 | D:3      | Noticed Ijyb
  1919 | D:3      | Killed Ijyb
  2210 | D:3      | Found Ehoj's Weapon Boutique.
  2646 | D:4      | Reached XP level 6. HP: 47/47 MP: 6/6
  2783 | D:4      | Killed from afar by an orc priest

Illustrated notes

Levels and vault maps discovered:
D:1:      pf_arrival_petrified_forest, layout_loops_cross
D:2:      layout_basic, uniq_robin
D:3:      layout_basic, lemuel_round_altar, serial_shops,
          nicolae_shop_industrial_runoff, shop, shop, uniq_ijyb
D:4:      layout_basic, uniq_edmund

Skill      XL: |  1  2  3  4  5 |
---------------+----------------+-----
Stealth        | 2 3 |  3.1
Ranged Weapons | 5 |  5.5
Fighting       | 3 |  3.2
Dodging        | |  2.0

Action                     |  1- 3 |  4- 6 || total
---------------------------+-------+-------++-------
   Fire: Shortbow          |    59 |   142 ||   201
    Use: Scroll            |       |     4 ||     4
 Armour: Leather armour    |     4 |    25 ||    29
  Dodge: Dodged            |    15 |    46 ||    61
